Pick #1

Connor Bedard
Pick #2

Leo Carlsson
Pick #3

Adam Fantilli
Pick #4

Matvei Michkov
Pick #5

David Reinbacher
Pick #6

William Smith
Pick #7

Zachary Benson
Pick #8

Ryan Leonard
Pick #9

Gabriel Perreault
Pick #10

Axel Sandin-Pellika
Pick #11

Daniil But
Pick #12

Dalibor Dvorsky
Pick #13

Quentin Musty
Pick #14

Brayden Yager
Pick #15

Dmitry Simashev
Pick #16

Colby Barlow
Pick #17

Andrew Cristall
Pick #18

Easton Cowan
Pick #19

Jacob Fowler
Pick #20

Oliver Moore
Pick #21

Oliver Bonk
Pick #22

Tom Willander
Pick #23

Calum Ritchie
Pick #24

Tanner Molendyk
Pick #25

Gavin Brindley
Pick #26

Nate Danielson
Pick #27

Pick #28

Pick #29

Pick #30

Pick #31

Pick #32

Pick #33

Pick #34

Pick #35

Pick #36

Pick #37

Pick #38

Pick #39

Pick #40

Pick #41

Pick #42

Pick #43

Pick #44

Pick #45

Pick #46

Pick #47

Pick #48

Pick #49

Pick #50

Pick #51

Pick #52

Pick #53

Pick #54

Pick #55

Pick #56

Pick #57

Pick #58

Pick #59

Pick #60

Pick #61

Pick #62

Pick #63

Pick #64

Pick #65

Pick #66

Pick #67

Pick #68

Pick #69

Pick #70

Pick #71

Pick #72

Pick #73

Pick #74

Pick #75

Pick #76

Pick #77

Pick #78

Pick #79

Pick #80

Pick #81

Pick #82

Pick #83

Pick #84

Pick #85

Pick #86

Pick #87

Pick #88

Pick #89

Pick #90

Pick #91

Pick #92

Pick #93

Pick #94

Pick #95

Pick #96

Pick #97

Pick #98

Pick #99

Pick #100

Pick #101

Pick #102

Pick #103

Pick #104

Pick #105

Pick #106

Pick #107

Pick #108

Pick #109

Pick #110

Pick #111

Pick #112

Pick #113

Pick #114

Pick #115

Pick #116

Pick #117

Pick #118

Pick #119

Pick #120

Pick #121

Pick #122

Pick #123

Pick #124

Pick #125

Pick #126

Pick #127

Pick #128

Pick #129

Pick #130

Full Scoreboard »»

Lightning vs Kings

Created - January 22, 2024 at 08:21

Goals
1 2 3 OT1 T
Lightning 0 0 0 1 1
Kings 0 0 0 0 0
Shots
1 2 3 OT1 T
Lightning 12 9 5 1 27
Kings 8 6 7 2 23

GoalsPenalties
1st period
No Goal
Evander Kane (LOS) for Roughing (Minor) at 8:51
2nd period
No Goal
David Savard (LOS) for Holding (Minor) at 0:27
Rasmus Ristolainen (LOS) for Holding (Minor) at 2:20
Joel Edmundson (LOS) for Hooking (Minor) at 14:00
3rd period
No Goal
Joel Edmundson (LOS) for Hooking (Minor) at 6:51
Radko Gudas (TBL) for Hooking (Minor) at 9:31
Evander Kane (LOS) for Slashing (Minor) at 16:48
Overtime #1
1. Lightning , Brock Nelson 13 (Brandon Montour 23) at 2:53
No Penalty
Goalie Stats
Jacob Markstrom (TBL), 23 saves from 23 shots - (1.000), W, 19-9-5, 62:54 minutes
Karel Vejmelka (LOS), 26 saves from 27 shots - (0.963), OTL, 3-2-2, 62:54 minutes
3 StarsOfficial
1 - Jacob Markstrom (TBL)
2 - Karel Vejmelka (LOS)
3 - Brock Nelson (TBL)
Referees : Michael Markovic and Terry Koharski
Linesman : Luke Galvin and Brent Hooks
Game Note
No Game Note
Finance
Level 1 -- Attendance: 6448 (99.20%) -- Ticket Income $612,560
Level 2 -- Attendance: 4640 (92.80%) -- Ticket Income $348,000
Level 3 -- Attendance: 3467 (99.06%) -- Ticket Income $190,685
Level 4 -- Attendance: 2118 (100.00%) -- Ticket Income $84,720
Luxury Box -- Attendance: 954 (95.40%) -- Ticket Income $214,650
Game was played at the Staples Center.
Total Attendance: 17627 (97.29%)
Total Ticket Income: $1,450,615
Other Income: $362,654
Total Income: $1,813,269



Team Name Goals Shots Shots Attemp Shots Blocked PIM HIT PP PK FO%
Lightning 1275172270 / 6 (0%)050%
Kings 02344612200 / 1 (0%)050%

Lightning
Player Name POS G A P +/- PIM HIT SHT SB MP PP MP PP SHT PK MP PK SHT FO% FOT
Alex KillornLW000100209:450:1000:1800% 2
Barclay GoodrowC000001008:290:0000:400100% 1
Ben ChiarotD0000031122:115:4110:5700% 0
Brandon MontourD0111034026:166:0741:0200% 0
Brock NelsonC1011013020:225:4110:18068% 19
Dawson MercerC0000000110:081:2200:40050% 2
Erik HaulaLW000000009:060:0001:0100% 0
Jeff SkinnerLW0000011024:305:5700:00050% 4
John KlingbergD0000041226:326:0711:0200% 0
Kevin ShattenkirkD0000010122:275:4100:5700% 0
Marco ScandellaD0000010012:440:0000:0000% 0
Patrice BergeronC0000033224:305:5710:00048% 27
Radko GudasD0000210012:430:0000:0000% 0
Ryan StromeC000001008:060:0000:00030% 10
Sam BennettC0000055018:495:3720:0000% 1
Teddy BluegerC000000108:500:0001:01038% 8
Tyler ToffoliRW0000024022:214:5920:000100% 4
William KarlssonC0000002018:535:4110:0000% 2
Kings
Player Name POS G A P +/- PIM HIT SHT SB MP PP MP PP SHT PK MP PK SHT FO% FOT
Brandon SaadLW0000003018:571:2100:10033% 3
Cole SillingerC000001105:390:0000:000100% 1
Conor ShearyLW0000002013:590:0004:05025% 4
David KrejciC0000004014:220:3810:00053% 15
David SavardD0000211220:441:2115:0000% 0
Derek RyanC000000109:200:0004:11060% 10
Evander KaneLW000-1464019:441:2100:0000% 0
Ilya MikheyevRW0000013015:130:3800:2100% 1
Jeff CarterC0000001120:121:2100:00041% 22
Joel EdmundsonD0000420220:100:5904:0800% 0
Jonas BrodinD0000010125:071:0006:1700% 0
Kirill MarchenkoRW000-1010016:060:3800:45033% 3
Matt GrzelcykD000-1000024:560:3805:1800% 0
Nic DowdC0000030017:060:0007:12065% 20
Rasmus RistolainenD0000220015:200:0001:3200% 0
Timothy LiljegrenD0000000016:120:0000:5900% 0
Tyler MotteC0000000012:160:0007:0700% 1
Vladimir TarasenkoRW0000023011:190:0000:0000% 0



Play-by-Play

1st period


0:01 of 1st period - Tyler Toffoli wins face-off versus Jeff Carter in neutral zone.
1:34 of 1st period - Shot by Sam Bennett.
1:34 of 1st period - Stopped by Karel Vejmelka without a rebound.
1:35 of 1st period - Nic Dowd wins face-off versus Ryan Strome in Kings zone.
1:35 of 1st period - Nic Dowd is hit by Ryan Strome.
2:12 of 1st period - Ryan Strome is hit by Nic Dowd.
3:59 of 1st period - Brock Nelson is hit by Evander Kane and loses puck.
5:22 of 1st period - Icing by Ryan Strome.
5:23 of 1st period - Nic Dowd wins face-off versus Alex Killorn in Lightning zone.
5:26 of 1st period - Shot by Conor Sheary.
5:26 of 1st period - Deflect By Vladimir Tarasenko.
5:26 of 1st period - Shot Blocked by Dawson Mercer.
5:34 of 1st period - Shot by Alex Killorn.
5:34 of 1st period - Stopped by Karel Vejmelka without a rebound.
5:35 of 1st period - Conor Sheary wins face-off versus Teddy Blueger in Kings zone.
7:18 of 1st period - Shot by David Krejci.
7:18 of 1st period - Stopped by Jacob Markstrom without a rebound.
7:19 of 1st period - Brock Nelson wins face-off versus Ilya Mikheyev in Lightning zone.
7:32 of 1st period - Shot by William Karlsson.
7:32 of 1st period - Stopped by Karel Vejmelka without a rebound.
7:33 of 1st period - Nic Dowd wins face-off versus Ryan Strome in Kings zone.
7:56 of 1st period - Shot by Vladimir Tarasenko.
7:56 of 1st period - Shot Misses the Net.
8:00 of 1st period - Shot by Conor Sheary.
8:00 of 1st period - Shot Misses the Net.
8:02 of 1st period - Shot by Conor Sheary.
8:02 of 1st period - Stopped by Jacob Markstrom without a rebound.
8:03 of 1st period - Jeff Carter wins face-off versus Jeff Skinner in Lightning zone.
8:20 of 1st period - Shot by Jeff Carter.
8:20 of 1st period - Shot Blocked by Patrice Bergeron.
8:22 of 1st period - Shot by Jeff Carter.
8:22 of 1st period - Deflect By Evander Kane.
8:22 of 1st period - Stopped by Jacob Markstrom without a rebound.
8:23 of 1st period - Kirill Marchenko wins face-off versus William Karlsson in Lightning zone.
8:47 of 1st period - Shot by David Krejci.
8:47 of 1st period - Stopped by Jacob Markstrom without a rebound.
8:48 of 1st period - Jeff Carter wins face-off versus Patrice Bergeron in Lightning zone.
8:49 of 1st period - Shot by Brandon Saad.
8:49 of 1st period - Stopped by Jacob Markstrom without a rebound.
8:50 of 1st period - Tyler Toffoli wins face-off versus Jeff Carter in Lightning zone.
8:50 of 1st period - Tyler Toffoli is hit by Evander Kane.
8:51 of 1st period - Minor Penalty to Evander Kane for Roughing.
8:52 of 1st period - Nic Dowd wins face-off versus Patrice Bergeron in Kings zone.
8:52 of 1st period - Matt Grzelcyk is hit by Sam Bennett.
8:56 of 1st period - Shot by Brandon Montour.
8:56 of 1st period - Stopped by Karel Vejmelka without a rebound.
8:57 of 1st period - Patrice Bergeron wins face-off versus Nic Dowd in Kings zone.
9:00 of 1st period - Shot by John Klingberg.
9:00 of 1st period - Stopped by Karel Vejmelka with a rebound.
9:02 of 1st period - Shot by Brandon Montour.
9:02 of 1st period - Shot Misses the Net.
9:08 of 1st period - Shot by Brandon Montour.
9:08 of 1st period - Stopped by Karel Vejmelka with a rebound.
9:57 of 1st period - Shot by William Karlsson.
9:57 of 1st period - Stopped by Karel Vejmelka without a rebound.
9:58 of 1st period - Tyler Toffoli wins face-off versus Conor Sheary in Kings zone.
10:01 of 1st period - Shot by Tyler Toffoli.
10:01 of 1st period - Stopped by Karel Vejmelka without a rebound.
10:02 of 1st period - Brock Nelson wins face-off versus Conor Sheary in Kings zone.
10:07 of 1st period - Shot by Brock Nelson.
10:07 of 1st period - Stopped by Karel Vejmelka without a rebound.
10:08 of 1st period - Derek Ryan wins face-off versus Brock Nelson in Kings zone.
11:15 of 1st period - Shot by Brandon Saad.
11:15 of 1st period - Stopped by Jacob Markstrom with a rebound.
11:55 of 1st period - Barclay Goodrow is hit by Ilya Mikheyev and loses puck.
12:04 of 1st period - Shot by Teddy Blueger.
12:04 of 1st period - Stopped by Karel Vejmelka without a rebound.
12:05 of 1st period - Derek Ryan wins face-off versus Patrice Bergeron in Kings zone.
12:23 of 1st period - Shot by Tyler Motte.
12:23 of 1st period - Shot Misses the Net.
12:34 of 1st period - Icing by Ben Chiarot.
12:35 of 1st period - Tyler Toffoli wins face-off versus David Krejci in Lightning zone.
13:48 of 1st period - Shot by William Karlsson.
13:48 of 1st period - Shot Blocked by Jeff Carter.
13:52 of 1st period - Shot by Sam Bennett.
13:52 of 1st period - Stopped by Karel Vejmelka without a rebound.
13:53 of 1st period - Teddy Blueger wins face-off versus Nic Dowd in Kings zone.
14:40 of 1st period - Icing by Rasmus Ristolainen.
14:41 of 1st period - Nic Dowd wins face-off versus Brock Nelson in Kings zone.
14:41 of 1st period - Nic Dowd is hit by Sam Bennett.
14:49 of 1st period - Timothy Liljegren is hit by Sam Bennett and loses puck.
14:57 of 1st period - Icing by Timothy Liljegren.
14:58 of 1st period - Nic Dowd wins face-off versus Dawson Mercer in Kings zone.
15:12 of 1st period - Brandon Saad is hit by Brandon Montour and loses puck.
15:15 of 1st period - Shot by Matt Grzelcyk.
15:15 of 1st period - Shot Misses the Net.
15:17 of 1st period - Shot by Evander Kane.
15:17 of 1st period - Stopped by Jacob Markstrom without a rebound.
15:18 of 1st period - Brock Nelson wins face-off versus David Krejci in Lightning zone.
15:44 of 1st period - Shot by Sam Bennett.
15:44 of 1st period - Stopped by Karel Vejmelka without a rebound.
15:45 of 1st period - Jeff Skinner wins face-off versus Jeff Carter in Kings zone.
15:56 of 1st period - Shot by Patrice Bergeron.
15:56 of 1st period - Shot Blocked by Joel Edmundson.
16:26 of 1st period - Shot by Jeff Skinner.
16:26 of 1st period - Shot Misses the Net.
16:31 of 1st period - Jeff Skinner is hit by Joel Edmundson and loses puck.
17:22 of 1st period - Shot by William Karlsson.
17:22 of 1st period - Shot Misses the Net.
17:51 of 1st period - Kevin Shattenkirk is hit by Cole Sillinger.
18:06 of 1st period - Shot by Derek Ryan.
18:06 of 1st period - Stopped by Jacob Markstrom without a rebound.
18:07 of 1st period - Patrice Bergeron wins face-off versus Nic Dowd in Lightning zone.
18:33 of 1st period - Patrice Bergeron is hit by Vladimir Tarasenko and loses puck.
18:38 of 1st period - Shot by Conor Sheary.
18:38 of 1st period - Shot Misses the Net.
19:21 of 1st period - Icing by Matt Grzelcyk.
19:22 of 1st period - Jeff Carter wins face-off versus Teddy Blueger in Kings zone.
19:43 of 1st period - Jeff Carter is hit by Barclay Goodrow and loses puck.
Goals for this period are 0 for Lightning vs 0 for Kings.
Shots for this period are 12 for Lightning vs 8 for Kings.

2nd period


0:01 of 2nd period - Patrice Bergeron wins face-off versus Brandon Saad in neutral zone.
0:03 of 2nd period - Off-side.
0:04 of 2nd period - Jeff Carter wins face-off versus Patrice Bergeron in neutral zone.
0:12 of 2nd period - Shot by Tyler Toffoli.
0:12 of 2nd period - Shot Misses the Net.
0:16 of 2nd period - Shot by Patrice Bergeron.
0:16 of 2nd period - Shot Misses the Net.
0:18 of 2nd period - Shot by Jeff Skinner.
0:18 of 2nd period - Stopped by Karel Vejmelka with a rebound.
0:20 of 2nd period - Shot by Tyler Toffoli.
0:20 of 2nd period - Stopped by Karel Vejmelka without a rebound.
0:21 of 2nd period - Brock Nelson wins face-off versus David Krejci in Kings zone.
0:24 of 2nd period - Shot by Sam Bennett.
0:24 of 2nd period - Shot Misses the Net.
0:27 of 2nd period - Minor Penalty to David Savard for Holding.
0:28 of 2nd period - Nic Dowd wins face-off versus Patrice Bergeron in Kings zone.
0:39 of 2nd period - Shot by Jeff Skinner.
0:39 of 2nd period - Shot Misses the Net.
0:41 of 2nd period - Shot by Brandon Montour.
0:41 of 2nd period - Stopped by Karel Vejmelka with a rebound.
0:43 of 2nd period - Shot by Brandon Montour.
0:43 of 2nd period - Shot Misses the Net.
0:45 of 2nd period - Shot by Patrice Bergeron.
0:45 of 2nd period - Stopped by Karel Vejmelka without a rebound.
0:46 of 2nd period - Brock Nelson wins face-off versus Nic Dowd in Kings zone.
2:03 of 2nd period - Shot by Jeff Skinner.
2:03 of 2nd period - Shot Misses the Net.
2:05 of 2nd period - Shot by Sam Bennett.
2:05 of 2nd period - Stopped by Karel Vejmelka without a rebound.
2:06 of 2nd period - Patrice Bergeron wins face-off versus Derek Ryan in Kings zone.
2:15 of 2nd period - Shot by John Klingberg.
2:15 of 2nd period - Shot Misses the Net.
2:20 of 2nd period - Minor Penalty to Rasmus Ristolainen for Holding.
2:21 of 2nd period - Derek Ryan wins face-off versus Brock Nelson in Kings zone.
2:54 of 2nd period - Shot by Ben Chiarot.
2:54 of 2nd period - Shot Blocked by David Savard.
2:56 of 2nd period - Shot by Ben Chiarot.
2:56 of 2nd period - Stopped by Karel Vejmelka without a rebound.
2:57 of 2nd period - Patrice Bergeron wins face-off versus Nic Dowd in Kings zone.
3:18 of 2nd period - Shot by Sam Bennett.
3:18 of 2nd period - Stopped by Karel Vejmelka without a rebound.
3:19 of 2nd period - Jeff Skinner wins face-off versus Derek Ryan in Kings zone.
3:22 of 2nd period - Shot by Sam Bennett.
3:22 of 2nd period - Shot Misses the Net.
4:27 of 2nd period - Off-side.
4:28 of 2nd period - Ryan Strome wins face-off versus Jeff Carter in neutral zone.
4:56 of 2nd period - Evander Kane is hit by Radko Gudas and loses puck.
5:20 of 2nd period - Icing by Rasmus Ristolainen.
5:21 of 2nd period - Patrice Bergeron wins face-off versus Brandon Saad in Kings zone.
5:37 of 2nd period - Off-side.
5:38 of 2nd period - David Krejci wins face-off versus Brock Nelson in neutral zone.
5:45 of 2nd period - Shot by Kirill Marchenko.
5:45 of 2nd period - Shot Blocked by Kevin Shattenkirk.
6:48 of 2nd period - Shot by Vladimir Tarasenko.
6:48 of 2nd period - Stopped by Jacob Markstrom without a rebound.
6:49 of 2nd period - Cole Sillinger wins face-off versus Teddy Blueger in Lightning zone.
6:49 of 2nd period - Tyler Motte is hit by John Klingberg and loses puck.
7:01 of 2nd period - Tyler Motte is hit by Brandon Montour and loses puck.
8:02 of 2nd period - Shot by Evander Kane.
8:02 of 2nd period - Shot Misses the Net.
9:29 of 2nd period - Rasmus Ristolainen is hit by Sam Bennett and loses puck.
9:47 of 2nd period - Shot by Vladimir Tarasenko.
9:47 of 2nd period - Deflect By Nic Dowd.
9:47 of 2nd period - Shot Hit the Post.
9:49 of 2nd period - Shot by Vladimir Tarasenko.
9:49 of 2nd period - Stopped by Jacob Markstrom without a rebound.
9:50 of 2nd period - Derek Ryan wins face-off versus Ryan Strome in Lightning zone.
10:06 of 2nd period - Icing by Alex Killorn.
10:07 of 2nd period - Ryan Strome wins face-off versus Jeff Carter in Lightning zone.
10:07 of 2nd period - John Klingberg is hit by Evander Kane.
10:10 of 2nd period - Off-side.
10:11 of 2nd period - Patrice Bergeron wins face-off versus Jeff Carter in neutral zone.
10:27 of 2nd period - Shot by Tyler Toffoli.
10:27 of 2nd period - Stopped by Karel Vejmelka without a rebound.
10:28 of 2nd period - David Krejci wins face-off versus Ryan Strome in Kings zone.
10:58 of 2nd period - Icing by David Savard.
10:59 of 2nd period - Patrice Bergeron wins face-off versus David Krejci in Kings zone.
11:24 of 2nd period - Shot by Patrice Bergeron.
11:24 of 2nd period - Shot Misses the Net.
11:49 of 2nd period - Icing by John Klingberg.
11:50 of 2nd period - Brandon Saad wins face-off versus Patrice Bergeron in Lightning zone.
12:05 of 2nd period - Brock Nelson is hit by Evander Kane.
12:47 of 2nd period - Icing by Ben Chiarot.
12:48 of 2nd period - Brock Nelson wins face-off versus Conor Sheary in Lightning zone.
12:54 of 2nd period - Kevin Shattenkirk is hit by Vladimir Tarasenko and loses puck.
13:45 of 2nd period - Marco Scandella is hit by Joel Edmundson and loses puck.
13:50 of 2nd period - Shot by Erik Haula.
13:50 of 2nd period - Shot Blocked by Joel Edmundson.
13:57 of 2nd period - Icing by David Krejci.
13:58 of 2nd period - Patrice Bergeron wins face-off versus David Krejci in Kings zone.
13:58 of 2nd period - Brandon Montour is hit by David Savard and loses puck.
14:00 of 2nd period - Minor Penalty to Joel Edmundson for Hooking.
14:01 of 2nd period - Nic Dowd wins face-off versus Patrice Bergeron in Kings zone.
15:32 of 2nd period - Kirill Marchenko is hit by Brock Nelson and loses puck.
16:00 of 2nd period - Patrice Bergeron is hit by Rasmus Ristolainen and loses puck.
16:09 of 2nd period - Icing by Radko Gudas.
16:10 of 2nd period - David Krejci wins face-off versus Ryan Strome in Lightning zone.
16:25 of 2nd period - Shot by Ilya Mikheyev.
16:25 of 2nd period - Stopped by Jacob Markstrom without a rebound.
16:26 of 2nd period - Jeff Carter wins face-off versus Teddy Blueger in Lightning zone.
16:27 of 2nd period - Shot by Evander Kane.
16:27 of 2nd period - Stopped by Jacob Markstrom without a rebound.
16:28 of 2nd period - Ryan Strome wins face-off versus Jeff Carter in Lightning zone.
16:37 of 2nd period - Shot by Alex Killorn.
16:37 of 2nd period - Stopped by Karel Vejmelka without a rebound.
16:38 of 2nd period - David Krejci wins face-off versus Patrice Bergeron in Kings zone.
16:49 of 2nd period - Icing by Rasmus Ristolainen.
16:50 of 2nd period - David Krejci wins face-off versus Sam Bennett in Kings zone.
17:00 of 2nd period - Off-side.
17:01 of 2nd period - Patrice Bergeron wins face-off versus Jeff Carter in neutral zone.
17:27 of 2nd period - Jeff Carter is hit by John Klingberg and loses puck.
18:14 of 2nd period - Icing by Ben Chiarot.
18:15 of 2nd period - David Krejci wins face-off versus Brock Nelson in Lightning zone.
18:30 of 2nd period - Shot by David Krejci.
18:30 of 2nd period - Stopped by Jacob Markstrom with a rebound.
18:32 of 2nd period - Shot by Ilya Mikheyev.
18:32 of 2nd period - Stopped by Jacob Markstrom without a rebound.
18:33 of 2nd period - Nic Dowd wins face-off versus Alex Killorn in Lightning zone.
18:55 of 2nd period - Icing by Timothy Liljegren.
18:56 of 2nd period - Nic Dowd wins face-off versus Patrice Bergeron in Kings zone.
18:56 of 2nd period - Nic Dowd is hit by Jeff Skinner.
19:01 of 2nd period - Rasmus Ristolainen is hit by Patrice Bergeron and loses puck.
19:15 of 2nd period - Jeff Skinner is hit by Rasmus Ristolainen.
19:40 of 2nd period - Nic Dowd is hit by Patrice Bergeron and loses puck.
19:51 of 2nd period - Rasmus Ristolainen is hit by Patrice Bergeron and loses puck.
Goals for this period are 0 for Lightning vs 0 for Kings.
Shots for this period are 9 for Lightning vs 6 for Kings.

3rd period


0:01 of 3rd period - Patrice Bergeron wins face-off versus Jeff Carter in neutral zone.
0:34 of 3rd period - Shot by Brandon Saad.
0:34 of 3rd period - Stopped by Jacob Markstrom without a rebound.
0:35 of 3rd period - Brock Nelson wins face-off versus David Krejci in Lightning zone.
0:59 of 3rd period - Shot by Ilya Mikheyev.
0:59 of 3rd period - Shot Blocked by Ben Chiarot.
1:26 of 3rd period - Icing by Joel Edmundson.
1:27 of 3rd period - David Krejci wins face-off versus Patrice Bergeron in Kings zone.
1:27 of 3rd period - David Krejci is hit by Tyler Toffoli.
2:47 of 3rd period - Off-side.
2:48 of 3rd period - Brock Nelson wins face-off versus Derek Ryan in neutral zone.
3:08 of 3rd period - Tyler Motte is hit by Ben Chiarot and loses puck.
3:15 of 3rd period - Tyler Motte is hit by Sam Bennett and loses puck.
3:26 of 3rd period - Shot by Brock Nelson.
3:26 of 3rd period - Shot Misses the Net.
3:43 of 3rd period - Timothy Liljegren is hit by Kevin Shattenkirk and loses puck.
3:47 of 3rd period - Icing by Kevin Shattenkirk.
3:48 of 3rd period - Brock Nelson wins face-off versus David Krejci in Lightning zone.
3:48 of 3rd period - Brock Nelson is hit by Kirill Marchenko.
4:23 of 3rd period - Shot by Ilya Mikheyev.
4:23 of 3rd period - Stopped by Jacob Markstrom without a rebound.
4:24 of 3rd period - Jeff Carter wins face-off versus Ryan Strome in Lightning zone.
4:39 of 3rd period - Shot by Ryan Strome.
4:39 of 3rd period - Shot Blocked by Jonas Brodin.
4:42 of 3rd period - Icing by Jonas Brodin.
4:43 of 3rd period - Jeff Carter wins face-off versus Patrice Bergeron in Kings zone.
4:43 of 3rd period - Jeff Carter is hit by Tyler Toffoli.
4:53 of 3rd period - Patrice Bergeron is hit by Evander Kane and loses puck.
6:51 of 3rd period - Minor Penalty to Joel Edmundson for Hooking.
6:52 of 3rd period - Patrice Bergeron wins face-off versus Nic Dowd in Kings zone.
7:23 of 3rd period - Shot by Patrice Bergeron.
7:23 of 3rd period - Shot Misses the Net.
7:25 of 3rd period - Shot by Brandon Montour.
7:25 of 3rd period - Shot Blocked by David Savard.
8:32 of 3rd period - Brandon Montour is hit by Nic Dowd and loses puck.
9:01 of 3rd period - Shot by Barclay Goodrow.
9:01 of 3rd period - Shot Misses the Net.
9:29 of 3rd period - Kirill Marchenko is hit by Marco Scandella and loses puck.
9:31 of 3rd period - Minor Penalty to Radko Gudas for Hooking.
9:32 of 3rd period - Teddy Blueger wins face-off versus Jeff Carter in Lightning zone.
9:44 of 3rd period - Icing by Brandon Saad.
9:45 of 3rd period - Teddy Blueger wins face-off versus Jeff Carter in Kings zone.
10:47 of 3rd period - Jonas Brodin is hit by Ben Chiarot and loses puck.
10:52 of 3rd period - Shot by Ilya Mikheyev.
10:52 of 3rd period - Shot Misses the Net.
11:08 of 3rd period - Shot by David Krejci.
11:08 of 3rd period - Stopped by Jacob Markstrom without a rebound.
11:09 of 3rd period - Jeff Carter wins face-off versus Teddy Blueger in Lightning zone.
11:24 of 3rd period - Shot by Brandon Saad.
11:24 of 3rd period - Shot Blocked by John Klingberg.
11:26 of 3rd period - Shot by Brandon Saad.
11:26 of 3rd period - Shot Blocked by John Klingberg.
11:28 of 3rd period - Shot by David Savard.
11:28 of 3rd period - Shot Misses the Net.
11:30 of 3rd period - Shot by David Savard.
11:30 of 3rd period - Stopped by Jacob Markstrom without a rebound.
11:31 of 3rd period - Nic Dowd wins face-off versus Patrice Bergeron in Lightning zone.
12:37 of 3rd period - Icing by Nic Dowd.
12:38 of 3rd period - Nic Dowd wins face-off versus Ryan Strome in Kings zone.
13:27 of 3rd period - Ryan Strome is hit by Jonas Brodin and loses puck.
13:54 of 3rd period - Shot by Brock Nelson.
13:54 of 3rd period - Stopped by Karel Vejmelka without a rebound.
13:55 of 3rd period - Derek Ryan wins face-off versus Patrice Bergeron in Kings zone.
14:01 of 3rd period - Shot by Patrice Bergeron.
14:01 of 3rd period - Stopped by Karel Vejmelka without a rebound.
14:02 of 3rd period - David Krejci wins face-off versus Jeff Skinner in Kings zone.
14:08 of 3rd period - David Savard is hit by John Klingberg and loses puck.
14:16 of 3rd period - Ilya Mikheyev is hit by John Klingberg and loses puck.
14:40 of 3rd period - David Krejci is hit by Brandon Montour and loses puck.
15:04 of 3rd period - Patrice Bergeron is hit by Nic Dowd and loses puck.
15:09 of 3rd period - Shot by Vladimir Tarasenko.
15:09 of 3rd period - Stopped by Jacob Markstrom with a rebound.
15:25 of 3rd period - Shot by Conor Sheary.
15:25 of 3rd period - Stopped by Jacob Markstrom with a rebound.
15:31 of 3rd period - Shot by Nic Dowd.
15:31 of 3rd period - Shot Misses the Net.
15:35 of 3rd period - Shot by Conor Sheary.
15:35 of 3rd period - Shot Misses the Net.
15:37 of 3rd period - Shot by Conor Sheary.
15:37 of 3rd period - Shot Misses the Net.
15:57 of 3rd period - Shot by Brandon Saad.
15:57 of 3rd period - Shot Misses the Net.
15:59 of 3rd period - Shot by Evander Kane.
15:59 of 3rd period - Stopped by Jacob Markstrom without a rebound.
16:00 of 3rd period - Derek Ryan wins face-off versus Brock Nelson in Lightning zone.
16:32 of 3rd period - Tyler Motte is hit by Ben Chiarot and loses puck.
16:46 of 3rd period - Icing by Brock Nelson.
16:47 of 3rd period - Brock Nelson wins face-off versus Jeff Carter in Lightning zone.
16:47 of 3rd period - Brock Nelson is hit by Evander Kane.
16:48 of 3rd period - Minor Penalty to Evander Kane for Slashing.
16:49 of 3rd period - Nic Dowd wins face-off versus William Karlsson in Kings zone.
17:12 of 3rd period - Icing by William Karlsson.
17:13 of 3rd period - Brock Nelson wins face-off versus Nic Dowd in Lightning zone.
18:26 of 3rd period - Shot by Tyler Toffoli.
18:26 of 3rd period - Shot Misses the Net.
18:30 of 3rd period - Shot by Tyler Toffoli.
18:30 of 3rd period - Stopped by Karel Vejmelka without a rebound.
18:31 of 3rd period - Dawson Mercer wins face-off versus Tyler Motte in Kings zone.
18:40 of 3rd period - Shot by Brandon Montour.
18:40 of 3rd period - Stopped by Karel Vejmelka without a rebound.
18:41 of 3rd period - Patrice Bergeron wins face-off versus Derek Ryan in Kings zone.
18:48 of 3rd period - Shot by Patrice Bergeron.
18:48 of 3rd period - Stopped by Karel Vejmelka without a rebound.
18:49 of 3rd period - Barclay Goodrow wins face-off versus Jeff Carter in Kings zone.
Goals for this period are 0 for Lightning vs 0 for Kings.
Shots for this period are 5 for Lightning vs 7 for Kings.

Overtime #1


0:01 of 1st overtime period - Jeff Carter wins face-off versus Patrice Bergeron in neutral zone.
0:06 of 1st overtime period - Shot by Vladimir Tarasenko.
0:06 of 1st overtime period - Deflect By Jeff Carter.
0:06 of 1st overtime period - Shot Misses the Net.
0:18 of 1st overtime period - Shot by Jeff Skinner.
0:18 of 1st overtime period - Shot Misses the Net.
0:34 of 1st overtime period - Shot by Jeff Carter.
0:34 of 1st overtime period - Shot Blocked by Patrice Bergeron.
0:36 of 1st overtime period - Shot by Jeff Carter.
0:36 of 1st overtime period - Stopped by Jacob Markstrom without a rebound.
0:37 of 1st overtime period - Brock Nelson wins face-off versus Kirill Marchenko in Lightning zone.
2:43 of 1st overtime period - Shot by Cole Sillinger.
2:43 of 1st overtime period - Stopped by Jacob Markstrom without a rebound.
2:44 of 1st overtime period - Brock Nelson wins face-off versus Kirill Marchenko in Lightning zone.
2:51 of 1st overtime period - Shot by Brock Nelson.
2:51 of 1st overtime period - Shot Misses the Net.
2:53 of 1st overtime period - Shot by Brock Nelson.
2:53 of 1st overtime period - Goal by Brock Nelson - Lightning : 1 - Kings : 0.
Goals for this period are 1 for Lightning vs 0 for Kings.
Shots for this period are 1 for Lightning vs 2 for Kings.